Map: Lightshade LE

Players

Reynor

  • Race: Zerg Zerg

maru - Winner!

  • Race: Terran Terran

Event: DreamHack SC2 Masters 2021 Summer

VOD

Have the link to the VOD?

Description

Time

  • Played on: July 4, 2021, 12:27 p.m.
  • Length: 12:12

All games in this series

Show
View Real Time Build Order
Export as new Build Order

Reynor Zerg 

Build Orders: Hatch First, Muta Ling Bane 

Get SALT Encoding   

  12  0:00  Drone  
  13  0:12  Overlord  
  13  0:17  Drone  
  14  0:31  Drone x2  
  16  0:46  Hatchery  
  15  0:50  Drone  
  15  0:54  Drone  
  17  0:58  Drone  
  18  1:08  Extractor  
  17  1:14  Spawning Pool  
  17  1:16  Drone  
  17  1:19  Drone  
  18  1:28  Drone  
  19  1:39  Drone  
  20  1:49  Drone  
  21  2:00  Queen x2  
  21  2:01  Zergling x4  
  27  2:15  Hatchery  
  26  2:18  Overlord  
  26  2:21  Drone  
  27  2:24  Drone  
  28  2:37  Drone x2, Pneumatized Carapace  
  30  2:42  Queen  
  32  2:47  Overlord  
  32  2:53  Drone x2  
  32  2:56  Drone  
  34  2:58  Drone  
  35  3:09  Drone x3  
  35  3:11  Overlord  
  38  3:13  Drone  
  38  3:17  Metabolic Boost  
  39  3:23  Queen  
  39  3:26  Drone  
  42  3:28  Drone  
  42  3:30  Drone  
  42  3:32  Drone  
  45  3:37  Queen  
  47  3:41  Zergling x2  
  47  3:42  Zergling x2  
  47  3:43  Drone x2  
  46  3:57  Zergling x6  
  46  3:58  Drone x4  
  52  4:05  Drone x2  
  53  4:10  Drone x2  
  53  4:16  Drone  
  56  4:20  Spore Crawler  
  56  4:21  Drone x3  
  58  4:26  Spore Crawler  
  58  4:29  Spore Crawler  
  56  4:32  Overlord  
  56  4:34  Lair  
  56  4:37  Drone  
  56  4:38  Drone  
  58  4:44  Overlord  
  58  4:47  Extractor, Drone  
  58  4:52  Drone x6  
  64  4:53  Drone  
  64  4:54  Drone  
  66  5:02  Queen, Overlord  
  66  5:05  Drone x2  
  66  5:06  Drone  
  71  5:07  Drone  
  71  5:11  Drone  
  71  5:12  Baneling Nest  
  71  5:13  Drone  
  73  5:22  Drone x3  
  76  5:32  Overseer  
  76  5:34  Drone x2  
  78  5:37  Drone x4  
  78  5:38  Evolution Chamber x2  
  78  5:39  Drone  
  81  5:43  Drone  
  81  5:44  Overlord x2  
  81  5:45  Extractor x2  
  81  5:46  Hatchery  
  79  5:51  Drone x3  
  79  5:54  Extractor, Spire  
  80  5:59  Drone  
  80  6:00  Extractor, Drone  
  80  6:03  Zergling x8  
  80  6:04  Zergling x8  
  88  6:10  Drone  
  90  6:12  Drone  
  90  6:14  Centrifical Hooks  
  90  6:16  Zergling x8  
  95  6:19  Overlord  
  95  6:27  Baneling x3  
  95  6:28  Baneling  
  95  6:36  Drone x3  
  95  6:37  Overlord  
  98  6:40  Overlord  
  98  6:43  Overlord  
  98  6:45  Drone x7  
  105  6:47  Zergling x2  
  105  6:49  Overlord  
  105  6:55  Overlord  
  103  7:02  Zergling x12  
  109  7:12  Zergling x12  
  109  7:15  Zergling x8  
  119  7:20  Zergling x8  
  122  7:23  Zergling x2  
  122  7:27  Baneling x10  
  122  7:28  Zergling x2  
  123  7:31  Baneling x5  
  123  7:34  Hatchery, Zergling x6  
  123  7:35  Zergling x2  
  123  7:41  Extractor, Overlord  
  123  7:42  Extractor  
  123  7:44  Mutalisk x4  
  113  7:47  Zerg Ground Armor Level 1, Zerg Melee Weapons Level 1  
  113  7:51  Baneling x11  
  121  7:52  Zergling x10  
  126  7:58  Mutalisk  
  126  8:04  Zergling x4  
  130  8:12  Zergling x4  
  117  8:14  Zergling x2  
  117  8:15  Hatchery  
  109  8:20  Zergling x4  
  109  8:21  Zergling x4  
  108  8:31  Mutalisk x2  
  108  8:32  Mutalisk x2  
  108  8:33  Zergling x2  
  112  8:35  Zergling x4  
  112  8:38  Baneling x8  
  112  8:39  Zergling x2  
  115  8:49  Zergling x6  
  116  8:55  Zergling x2  
  116  9:04  Zergling x8  
  116  9:06  Baneling x12  
  116  9:08  Zergling x4  
  116  9:09  Zergling x2  
  121  9:18  Zergling x4  
  121  9:19  Zergling x2  
  113  9:26  Mutalisk x3  
  113  9:28  Zergling x8  
  121  9:32  Mutalisk  
  121  9:38  Hatchery  
  121  9:39  Zergling x4  
  121  9:40  Zergling x2  
  121  9:42  Zergling x2  
  121  9:43  Queen, Burrow  
  127  9:46  Zergling x4  
  127  9:50  Zergling x4  
  127  9:51  Zergling x8  
  127  9:52  Zergling x2  
  135  9:58  Mutalisk x2  
  128  10:07  Zergling x2  
  128  10:12  Zergling x6  
  120  10:20  Baneling  
  120  10:21  Baneling x12  
  118  10:22  Zergling x4  
  118  10:23  Zergling x8  
  118  10:26  Hatchery  
  123  10:31  Zergling x6  
  125  10:36  Zergling x6  
  125  10:42  Zergling x2  
  129  10:50  Zergling x14  
  129  10:54  Zergling x2  
  137  10:58  Zergling x6  
  137  11:03  Zergling x4  
  141  11:10  Mutalisk x3  
  136  11:14  Baneling x4  
  136  11:16  Zergling x8  
  138  11:18  Zergling x2  
  138  11:19  Zergling x8  
  138  11:23  Zergling x2  
  132  11:30  Zergling x4  
  124  11:37  Mutalisk x3  
  120  11:42  Baneling x3  
  120  11:43  Hatchery  
  120  11:44  Zergling x2  
  120  11:46  Zergling x2  
  120  11:47  Zergling x4  
  123  11:54  Baneling x2  
  122  11:55  Baneling x9  
Show
View Real Time Build Order
Export as new Build Order

maru Terran - Winner!

Build Orders: Gas First Reaper Expand, Banshee Rush 

Get SALT Encoding   

  12  0:00  SCV  
  13  0:12  SCV  
  14  0:17  Supply Depot  
  14  0:24  SCV  
  14  0:27  Refinery  
  15  0:39  SCV  
  16  0:44  Barracks  
  16  0:51  SCV  
  17  1:03  SCV  
  18  1:15  SCV  
  19  1:30  Orbital Command  
  19  1:31  Reaper  
  20  1:42  Command Center  
  20  1:51  Factory  
  20  1:56  SCV  
  21  2:06  Barracks Reactor  
  21  2:08  SCV  
  22  2:11  Supply Depot  
  22  2:14  Refinery  
  22  2:20  SCV  
  23  2:33  SCV  
  24  2:41  Starport  
  24  2:45  SCV  
  24  2:46  Hellion x2  
  29  2:55  Orbital Command  
  29  2:57  SCV  
  30  3:01  Barracks Tech Lab  
  30  3:07  Hellion  
  30  3:08  Hellion  
  30  3:09  SCV  
  35  3:20  SCV, Supply Depot  
  35  3:21  SCV  
  35  3:25  Banshee  
  40  3:28  Marine  
  40  3:31  Cloaking Field  
  41  3:34  SCV  
  41  3:35  SCV  
  43  3:46  SCV, Supply Depot  
  43  3:47  SCV  
  45  3:59  SCV x2  
  42  4:03  Barracks Tech Lab  
  42  4:09  Banshee  
  42  4:11  SCV x2  
  42  4:16  Command Center  
  43  4:23  SCV, Marine, Supply Depot  
  43  4:24  SCV, Stimpack  
  46  4:35  SCV  
  46  4:36  SCV  
  48  4:39  Barracks  
  48  4:41  Barracks  
  48  4:42  Factory Reactor  
  48  4:47  SCV  
  48  4:48  SCV  
  48  4:51  Engineering Bay  
  50  4:54  Refinery  
  50  4:55  Engineering Bay  
  50  4:57  Marine  
  50  4:59  SCV  
  52  5:00  SCV  
  53  5:09  Starport Reactor  
  53  5:11  SCV  
  53  5:12  SCV  
  55  5:14  Barracks  
  55  5:15  Marine  
  55  5:17  Barracks  
  56  5:21  Terran Infantry Armor Level 1, Terran Infantry Weapons Level 1  
  56  5:23  SCV  
  56  5:25  SCV  
  56  5:28  Marine x2  
  61  5:30  Orbital Command  
  61  5:31  Refinery  
  61  5:33  Marine, Siege Tank  
  64  5:38  Supply Depot  
  64  5:39  Marine x2  
  64  5:42  SCV  
  67  5:43  SCV  
  67  5:45  Marine  
  67  5:47  Medivac  
  71  5:50  Medivac  
  71  5:52  Orbital Command  
  73  5:57  Marine x2  
  73  5:58  Marine x2  
  73  5:59  SCV x2, Supply Depot  
  73  6:03  Barracks Reactor x2  
  79  6:08  Marine, Combat Shield  
  80  6:14  Supply Depot  
  80  6:15  SCV x2, Marine  
  80  6:18  SCV  
  84  6:21  Siege Tank  
  87  6:26  Marine x4  
  87  6:27  SCV  
  87  6:31  Medivac  
  94  6:33  SCV x2, Marine  
  94  6:37  Supply Depot x2  
  94  6:39  SCV  
  98  6:44  Marine  
  98  6:46  Medivac  
  101  6:49  Marine x4  
  101  6:50  Marine x2  
  101  6:51  SCV  
  101  6:52  Marine, Supply Depot  
  109  6:58  Siege Tank  
  101  7:02  SCV x2  
  101  7:03  SCV  
  104  7:10  Marine x6  
  104  7:12  Marine  
  104  7:14  SCV  
  112  7:18  Armory  
  112  7:20  Supply Depot  
  112  7:21  Marine  
  113  7:23  Marine  
  113  7:28  SCV x2, Marine x2  
  113  7:29  Marine  
  119  7:30  SCV  
  119  7:39  Marine x2  
  119  7:40  SCV, Marine x2  
  119  7:42  SCV  
  119  7:44  SCV  
  126  7:52  SCV  
  126  7:57  SCV x2  
  126  7:58  Medivac x2, Supply Depot  
  131  8:01  Supply Depot  
  131  8:04  SCV  
  134  8:06  Supply Depot  
  121  8:20  SCV x2, Marine x4  
  121  8:21  SCV  
  121  8:22  Marine x4  
  115  8:32  SCV x2  
  115  8:33  SCV  
  115  8:34  Marine  
  119  8:37  Terran Infantry Armor Level 2, Terran Infantry Weapons Level 2  
  119  8:39  Marine  
  119  8:44  SCV x2  
  119  8:45  SCV  
  119  8:47  Marine x4  
  119  8:48  Missile Turret  
  124  8:51  Marine x3  
  126  8:56  SCV x2  
  126  8:57  SCV  
  126  8:58  Marine x2  
  129  9:05  Marine x2, Missile Turret  
  129  9:08  SCV x2  
  133  9:11  SCV  
  132  9:18  Marine  
  132  9:21  SCV x2  
  132  9:22  Marine x2  
  132  9:23  SCV  
  128  9:26  Marine x5  
  128  9:27  Medivac x2, Siege Tank  
  128  9:29  Supply Depot  
  140  9:33  SCV  
  140  9:38  Supply Depot  
  141  9:44  Supply Depot  
  141  9:46  Supply Depot  
  141  9:50  SCV  
  142  9:53  Marine  
  142  9:57  Medivac x2  
  142  9:59  Siege Tank  
  147  10:05  Marine  
  143  10:07  SCV  
  143  10:09  SCV x2  
  143  10:13  Marine x7  
  143  10:14  Marine  
  140  10:19  Factory  
  141  10:21  Missile Turret  
  141  10:23  Marine  
  141  10:26  Medivac  
  141  10:27  Medivac  
  146  10:30  Marine, Thor  
  146  10:31  Marine x4  
  146  10:32  Marine  
  157  10:38  Marine x2  
  157  10:41  Marine  
  157  10:42  Supply Depot  
  160  10:48  Marine x2  
  160  10:49  Marine x2  
  164  10:53  Marine  
  165  11:07  Supply Depot  
  165  11:08  Command Center  
  159  11:12  Marine  
  159  11:13  Marine x4  
  160  11:21  Thor  
  166  11:28  Marine x2  
  166  11:29  Marauder  
  166  11:30  Marine x2  
  151  11:33  SCV x3  
  151  11:34  Marine  
  151  11:35  Marine x3  
  156  11:40  Factory Reactor  
  156  11:45  SCV x2  
  156  11:46  Marine x2  
  160  11:47  Marine  
  160  11:49  Marine x2  
  160  11:52  Marine  
Tags
 
Add a new tag
Caveats
  • Supply blocks, unpowered buildings, or Contaminate may cause inaccurate times.
  • Supply counts are checked every 10 seconds.